 Dungeon Crawl Stone Soup version 0.28-a0-724-g66f9036eb4 (webtiles) character file.

Game seed: 9824949771591219873

452 MacCMillion the Cudgeller (level 6, 0/51 HPs)
             Began as a Palentonga Fighter on Oct 27, 2021.
             Was a Follower of Makhleb.
             Slain by an ice beast (8 damage)
             ... on level 4 of the Dungeon.
             The game lasted 00:10:48 (4862 turns).

MacCMillion the Cudgeller (Palentonga Fighter)      Turns: 4862, Time: 00:10:48

Health: 0/51       AC: 10    Str: 22    XL:     6   Next: 75%
Magic:  6/6        EV:  4    Int:  8    God:    Makhleb [*.....]
Gold:   101        SH:  5    Dex:  9    Spells: 5/5 levels left

rFire   . . .      SeeInvis +   a - +0 flail
rCold   . . .      Faith    .   c - +1 buckler
rNeg    + . .      Spirit   .   y - +0 plate armour
rPois   .          Reflect  .   x - +0 helmet
rElec   .          Harm     .   (no cloak)
rCorr   +          Rampage  .   (no gloves)
Will    .....                   (no barding)
Stlth   ..........              i - amulet of magic regeneration
HPRegen 0.17/turn               h - ring of resist corrosion
MPRegen 0.35/turn               l - ring of positive energy

@: no status effects
A: large, rugged brown scales 3, see invisible, deformed body, roll 1, armoured
tail
a: Rolling Charge, Renounce Religion


You were on level 4 of the Dungeon.
You worshipped Makhleb.
Makhleb was aware of your devotion.
You visited 1 branch of the dungeon, and saw 5 of its levels.
You also visited: Sewer.

You collected 101 gold pieces.

Inventory:

Hand Weapons
 a - a +0 flail (weapon)
 f - a +3 dagger
Missiles
 j - 2 boomerangs
 k - 5 javelins
 r - 20 poisoned darts (quivered)
 t - 11 bolts
Armour
 c - a +1 buckler (worn)
 x - a +0 helmet (worn)
 y - a +0 plate armour (worn)
Jewellery
 h - a ring of resist corrosion (left hand)
 i - an amulet of magic regeneration (around neck)
 l - a ring of positive energy (right hand)
Scrolls
 e - 2 scrolls of teleportation
 g - a scroll of magic mapping {unknown}
 o - a scroll of fear
 p - 3 scrolls of fog {unknown}
 s - a scroll of immolation {unknown}
 u - 2 scrolls of identify
 v - a scroll of enchant weapon {unknown}
Potions
 d - 2 potions of might
 m - a potion of cancellation
 n - a potion of mutation {unknown}
 q - 2 potions of magic {unknown}
 w - a potion of lignification {unknown}


   Skills:
 + Level 3.7 Fighting
 * Level 5.5 Maces & Flails
 + Level 3.0 Armour
 + Level 3.8 Shields


You had 5 spell levels left.
You didn't know any spells.
Your spell library was empty.

Dungeon Overview and Level Annotations

Branches:
Dungeon (5/15)              Sewer (visited)
 Temple: D:4-7

Altars:
Fedhas
Makhleb
Okawaru
Ru
Vehumet
Wu Jian

Shops:
D:4 ?

Annotations:
D:2 Sigmund


Innate Abilities, Weirdness & Mutations

You are completely covered in rugged brown scales. (AC +3, +7% HP)
You have supernaturally acute eyesight. (SInv)
Armour fits poorly on your strangely shaped body.
You can roll at nearby foes to attack.
You have a long armoured tail.


Message History

The ice beast is moderately wounded.
The ice beast hits you but does no damage. x2
You completely miss the ice beast.
The ice beast is moderately wounded.
The ice beast hits you but does no damage.
You barely miss the ice beast.
The ice beast is moderately wounded.
The ice beast hits you but does no damage.
You barely miss the ice beast.
Your tail-slap misses the ice beast.
The ice beast is moderately wounded.
The ice beast hits you. The ice beast freezes you!
You hit the ice beast.
The ice beast is moderately wounded.
The ice beast hits you but does no damage.
You hit the ice beast but do no damage. You tail-slap the ice beast.
The ice beast is moderately wounded.
The ice beast hits you. The ice beast freezes you.
You barely miss the ice beast.
The ice beast is moderately wounded.
The ice beast hits you but does no damage.
You closely miss the ice beast.
The ice beast is moderately wounded.
The ice beast hits you but does no damage.
You closely miss the ice beast.
The ice beast is moderately wounded.
The ice beast hits you. The ice beast freezes you!
The ice beast hits you but does no damage.
You hit the ice beast but do no damage. You tail-slap the ice beast.
The ice beast is moderately wounded.
The ice beast hits you. The ice beast freezes you!
* * * LOW HITPOINT WARNING * * *
You hit the ice beast but do no damage.
The ice beast is moderately wounded.
The ice beast hits you but does no damage.
You barely miss the ice beast.
The ice beast is moderately wounded.
The ice beast hits you.
* * * LOW HITPOINT WARNING * * *
The ice beast freezes you!
You die...

....###.# #......######.# #.#
......#.#####............# #.#
..#.#.#.##.......######### #.#
....#.#.##.....#.##<...# #.#
#.....#.##...........#.# #.#
#######.##....#...##.#.######.#
#####...##........#..#........#
##....######...#..#.###########
.#.##.# ###.#@.#.#
.#.###########..Y.#.#
.#.....#.....######.#
.##......#..........#
.##......#.#.########
###......#.#.# .........#.#.#
.#.....).#.#.####
.#..............#


You could see an ice beast.

Vanquished Creatures
  An ogre (D:4)
  A kobold brigand (D:4)
  A scorpion (D:4)
  An iguana (D:4)
  3 gnolls (D:4)
  14 adders
  7 ball pythons
  2 bats
  5 endoplasms
  A giant cockroach (D:4)
  3 hobgoblins
  4 jackals
  2 quokkas
  4 frilled lizards
  6 goblins
  15 kobolds
  5 rats (D:1)
75 creatures vanquished.

Vanquished Creatures (others)
  8 plants (Sewer)
8 creatures vanquished.

Grand Total: 83 creatures vanquished

Notes
Turn   | Place    | Note
-------+----------+-------------------------------------------
     0 | D:1      | MacCMillion the Palentonga Fighter began the quest for the
                  | Orb.
     0 | D:1      | Reached XP level 1. HP: 19/19 MP: 1/1
   322 | D:1      | Reached XP level 2. HP: 25/25 MP: 2/2
  1042 | D:2      | Reached skill level 3 in Maces & Flails
  1371 | D:2      | Noticed Sigmund
  1406 | D:3      | Reached XP level 3. HP: 27/31 MP: 3/3
  1494 | D:3      | Found a burning altar of Makhleb.
  1509 | D:3      | Became a worshipper of Makhleb the Destroyer
  1514 | D:3      | Found a blossoming altar of Fedhas.
  1693 | D:3      | Found a glowing drain.
  1721 | D:3      | Reached XP level 4. HP: 26/37 MP: 4/4
  1769 | Sewer    | Entered a sewer
  1861 | Sewer    | Reached skill level 4 in Maces & Flails
  2572 | Sewer    | Reached XP level 5. HP: 41/43 MP: 5/5
  2701 | Sewer    | Reached * piety under Makhleb
  3109 | D:3      | Found an ornate altar of the Wu Jian Council.
  3112 | D:3      | Found a radiant altar of Vehumet.
  3116 | D:3      | Found a sacrificial altar of Ru.
  3824 | D:4      | Found Apalup's Magic Scroll Emporium.
  3882 | D:4      | Identified the +0 robe of the Unseen Realm {rF++ Str+4
                  | Int-2 SInv Stlth+}
  3907 | D:4      | Reached skill level 5 in Maces & Flails
  3907 | D:4      | Reached XP level 6. HP: 32/50 MP: 6/6
  4168 | D:4      | Found an iron altar of Okawaru.
  4803 | D:5      | Entered Level 5 of the Dungeon
  4845 | D:5      | Noticed an ice beast
  4862 | D:4      | Slain by an ice beast

Illustrated notes

Levels and vault maps discovered:
D:1:      dpeg_arrival_leaves_temple_mockup, layout_basic,
          corexii_leaking_fountain, minmay_bisected
D:2:      layout_basic, uniq_sigmund
D:3:      layout_loops_cross, mainiacjoe_overflow_catch_the_wave,
          grunt_temple_overflow_diamond, gup_sewer_entry_glass,
          hangedman_glass_teeth, skrybe_limestone_x, minmay_cupped
D:4:      layout_basic, okawaru_altar_gauntlet_db, serial_shops, shop
D:5:      layout_basic, temple_statues, gammafunk_ghost_mausoleum,
          minmay_ruined_shrine

Skill      XL: |  1  2  3  4  5  6 |
---------------+-------------------+-----
Maces & Flails | 3 4 5 |  5.5
Shields        | 3 |  3.8
Armour         | 3 |  3.0
Fighting       | |  3.7

Action                   |  1- 3 |  4- 6 || total
-------------------------+-------+-------++-------
Melee: Flail             |    95 |   178 ||   273
       Tailslap          |     9 |    24 ||    33
Throw: Dart              |       |    15 ||    15
 Abil: Rolling Charge    |    13 |     6 ||    19
  Use: Scroll            |     4 |       ||     4
       Potion            |       |     1 ||     1
Armor: Scale mail        |    53 |    78 ||   131
       Plate armour      |       |    12 ||    12
Dodge: Dodged            |    46 |    38 ||    84
Block: Buckler           |    21 |    33 ||    54

Table legend: (Time is in decaauts)
 A = Elapsed time spent in this place.
 B = Non-inter-level travel time spent in this place.
 C = Inter-level travel time spent in this place.
 D = Time resting spent in this place.
 E = Time spent auto-exploring this place.
 F = Levels seen in this place.
 G = Mean time per level.
                   A        B        C        D        E       F      G
               +--------+--------+--------+--------+--------+-----+--------+
         Total |   5080 |   4985 |     95 |    617 |   3412 |   6 |  846.7 |
       Dungeon |   3606 |   3511 |     95 |    307 |   2492 |   5 |  721.2 |
         Sewer |   1474 |   1474 |      0 |    310 |    919 |   1 | 1474.0 |
               +--------+--------+--------+--------+--------+-----+--------+

Top non-repeatable levels by time:
   Sewer: 1474 daAuts
     D:4: 1195 daAuts
     D:1: 1037 daAuts
     D:3: 968 daAuts
     D:2: 400 daAuts
     D:5: 4 daAuts
